 Dungeon Crawl Stone Soup version 0.23.0-3-gf3c87f2 (webtiles) character file.

Game seed: 12340014771627974520

57 Scud the Caller (level 4, -2/24 HPs)
             Began as a Tengu Summoner on Feb 23, 2019.
             Slain by Natasha (4 damage)
             ... on level 2 of the Dungeon.
             The game lasted 00:03:06 (1815 turns).

Scud the Caller (Tengu Summoner)                    Turns: 1815, Time: 00:03:06

Health: -2/24      AC:  2    Str:  9    XL:     4   Next: 0%
Magic:  6/8        EV: 13    Int: 16    God:
Gold:   39         SH:  0    Dex: 14    Spells: 3/7 levels left

rFire    . . .     SeeInvis .   (no weapon)
rCold    . . .     Gourm    .   (no shield)
rNeg     . . .     Faith    .   a - +0 robe
rPois    .         Spirit   .   (helmet restricted)
rElec    .         Reflect  .   (no cloak)
rCorr    .         Harm     .   (no gloves)
MR       .....                  (boots unavailable)
Stlth    ++........             (no amulet)
HPRegen  0.08/turn              (no ring)
MPRegen  0.11/turn              (no ring)

@: slowed, very slow
A: beak, talons 3
a: no special abilities


You were on level 2 of the Dungeon.
You were not hungry.

You visited 1 branch of the dungeon, and saw 2 of its levels.

You collected 39 gold pieces.

Inventory:

Armour
 a - a +0 robe (worn)
Scrolls
 b - a scroll of magic mapping {unknown}
Potions
 d - 2 potions of curing {unknown}
 e - a potion of haste {unknown}
Comestibles
 c - 2 chunks of flesh


   Skills:
 + Level 0.3 Fighting
 + Level 2.4 Dodging
 + Level 2.8 Stealth
 + Level 0.9 Unarmed Combat
 + Level 2.2 Spellcasting
 + Level 5.6 Summonings


You had 3 spell levels left.
You knew the following spells:

 Your Spells              Type           Power        Failure   Level  Hunger
a - Summon Small Mammal   Summ           ###.         1%          1    #......
b - Call Canine Familiar  Summ           ###.....     6%          3    ###....

Your spell library contained the following spells:

 Spells                   Type           Power        Failure   Level  Hunger
 Call Imp                 Summ           ###.....     3%          2    ###....
 Summon Guardian Golem    Hex/Summ       ##......     19%         3    ###....
 Summon Ice Beast         Ice/Summ       ##......     54%         4    #####..
 Summon Lightning Spire   Summ/Air       ##......     54%         4    #####..


Dungeon Overview and Level Annotations

Branches:
Dungeon (2/15)

Altars:

Annotations:
D:2 Natasha


Innate Abilities, Weirdness & Mutations

You have a beak for a mouth.
You have claws for feet.


Message History

* * * LOW HITPOINT WARNING * * *
Casting: Summon Small Mammal (safe; 1% risk of failure)
Confirm with . or Enter, or press ? or * to list all spells.
Natasha claws you.
* * * LOW HITPOINT WARNING * * *
You swap places.
Your hound barely misses Natasha.
Natasha claws your hound.
Your hound barely misses Natasha.
Natasha misses your hound.
Your hound misses Natasha.
Your hound bites Natasha.
Natasha casts a spell at you.
You feel yourself slow down.
Your hound completely misses Natasha.
Your hound barely misses Natasha.
Your hound bites Natasha.
Your hound misses Natasha.
Natasha mumbles some strange words.
Your hound bites the shadow imp.
Your hound misses the shadow imp.
Natasha howls an incantation.
You feel disoriented. Natasha claws you.
You die...

######.### #.#
#.##....P≈≈≈#
#.###.#.#
#.##....≈≈≈♣#
#.....#.###.##...P≈P≈♣
#...........##....≈P♣#
#.#####.#########♣≈♣#
#.#####.###### ###
####............#
.....####.####.#
#..####@##
###......h.#
#...†####5.#
#%##.####h.# #
#.#.....# #....#.##
#............
#.###...###### # ##.##


You could see Natasha, a shadow imp and a friendly hound.

Vanquished Creatures
  Natasha (D:2)
  An ooze (D:1)
  A dart slug (D:1)
  3 bats (D:1)
  3 giant cockroaches (D:1)
  3 goblins (D:1)
  2 hobgoblins (D:1)
  A frilled lizard (D:2)
  5 kobolds (D:1)
  2 rats
22 creatures vanquished.

Vanquished Creatures (collateral kills)
  A dart slug (D:1)
  A bat (D:1)
  A frilled lizard (D:1)
  A rat (D:1)
4 creatures vanquished.

Grand Total: 26 creatures vanquished

Notes
Turn   | Place    | Note
-------+----------+-------------------------------------------
     0 | D:1      | Scud the Tengu Summoner began the quest for the Orb.
     0 | D:1      | Reached XP level 1. HP: 10/10 MP: 4/4
    36 | D:1      | Reached skill level 5 in Summonings
   290 | D:1      | Reached XP level 2. HP: 5/15 MP: 3/6
  1035 | D:1      | Reached XP level 3. HP: 19/19 MP: 7/7
  1040 | D:1      | Learned a level 3 spell: Call Canine Familiar
  1663 | D:2      | Noticed Natasha
  1673 | D:2      | Killed Natasha
  1673 | D:2      | Reached XP level 4. HP: 1/24 MP: 8/8
  1758 | D:2      | Noticed Natasha
  1807 | D:2      | HP: 1/24 [Natasha (6)]
  1815 | D:2      | Slain by Natasha

Skill      XL: |  1 |
---------------+----+-----
Summonings     | 5 |  5.6
Fighting       | |  0.3
Dodging        | |  2.4
Stealth        | |  2.8
Unarmed Combat | |  0.9
Spellcasting   | |  2.2

Action                   |  1- 3 |  4- 6 || total
-------------------------+-------+-------++-------
Melee: Unarmed           |    95 |     1 ||    96
       Kick              |    28 |     1 ||    29
       Peck              |    12 |       ||    12
 Cast: Summon Small Mamm |     7 |       ||     7
       Call Canine Famil |       |     1 ||     1
 Stab: Sleeping          |     7 |       ||     7
  Eat: Chunk             |     1 |       ||     1
       Ration            |     1 |       ||     1
Armor: Robe              |    21 |       ||    21
Dodge: Dodged            |    67 |     1 ||    68
